FIQ, neutral male gnomish Tourist ------ |..|.-- ---- |.....| |..| -----....| --- --..---- |..----..| -----.-- --- --....|.---....--..-----.|....-----..| |....................................|---- |.*......).......-------..........----|..| ----....%........| --..........-- --..| --.....--.....-- --.....(....*-- |..-- |...-----.....| |.............| |.-- |...| |-...-- --......---G..-- |.-- --.-|----....| --.....-| -...---..-- --..--.|....-----.......| |....B....| -- ---...........| |.........-----..@..[[.-------- .| - --.............---............S......d[.)G.%........| |.........................--------....---------..---- |......<........|....--...| ---.-- ..| --........--..----..----.-- --- --- ----.|..------ |.. --- ------ --- FIQ the Rambler Experience level: 1 Strength: 18/02 Dexterity: 9 Constitution: 17 Intelligence: 11 Wisdom: 9 Charisma: 15 Health: 0(14) Energy: 4(4) Def: 7 Gold: 1077 Moves: 1375 Dungeon seed: dvjfync_xQvVvQd- Game ID: FIQ_1440777513 Your Inventory: Coins $ - 1077 gold pieces Weapons a - 38 uncursed +2 darts (in quiver) n - an uncursed +2 aklys (weapon in hand) D - 8 cursed +0 darts I - an uncursed +0 dagger Armor e - an uncursed +0 Hawaiian shirt (being worn) z - an uncursed +0 pair of speed boots (being worn) E - an uncursed +0 large shield (being worn) F - an uncursed +0 orcish cloak (being worn) J - an uncursed +0 elven mithril-coat N - an uncursed +0 dwarvish iron helm (being worn) Y - an uncursed +0 leather armor (being worn) Comestibles c - an uncursed tin of goblin meat f - an uncursed carrot g - an uncursed apple h - 2 uncursed eggs p - an uncursed slime mold q - 2 uncursed cloves of garlic B - 3 uncursed lichen corpses K - 6 uncursed food rations Scrolls j - 4 uncursed scrolls of magic mapping C - an uncursed scroll of earth G - an uncursed scroll of scare monster Potions i - 2 uncursed potions of extra healing r - a blessed potion of confusion Wands A - an uncursed wand of enlightenment (0:13) H - an uncursed wand of opening (0:6) Tools b - an uncursed sack k - an uncursed credit card l - an uncursed oil lamp (0:1127) m - an uncursed expensive camera (0:69) s - an uncursed stethoscope Gems y - an uncursed worthless piece of red glass Spells and supernatural/magical abilities: Name Level Category Fail Memory W - pray for help -- divine ? -- Your skills at the end: Fighting Skills Weapon Skills dart [Basic] Spellcasting Skills Final Attributes: You were devoutly aligned. You had infravision. You were very fast. You were lucky. You are dead. Vanquished creatures: 3 dwarves an iguana an acid blob a hobbit a hobgoblin a yellow mold 2 gnomes a garter snake a gecko 8 jackals a kobold 3 grid bugs 2 bats 3 lichens 2 kobold zombies 7 newts 38 creatures vanquished. Voluntary challenges: You used a wielded weapon 12 times, starting on turn 150. You read items or engraved 5 times, starting on turn 550. You never genocided any monsters. You never polymorphed an object. You never changed form. You used no wishes. You never split a pudding. You wrote Elbereth's name 2 times, starting on turn 1292. You never violated your personal moral code. Dungeon overview: The Dungeons of Doom: levels 1 to 3 Level 1 some fountains a long staircase Level 2 an armor shop, a sink Level 3 some fountains stairs to The Gnomish Mines The Gnomish Mines: levels 4 to 5 Level 4 stairs to The Dungeons of Doom Level 5 <- You were here History has recorded: On T:1 you entered the Dungeons of Doom to retrieve the Amulet of Yendor! On T:401 you reached level 2 of The Dungeons of Doom. On T:849 you reached level 3 of The Dungeons of Doom. On T:1093 you reached level 1 of The Gnomish Mines. On T:1132 you reached level 2 of The Gnomish Mines. Score breakdown: Gold: 80 ( 8 points) Experience: 1 level ( 0 points) Exploration: 5 levels ( 120 points) Discoveries: 2 items ( 100 points) Variety of kills: 16 monsters ( 800 points) Major goal: (nothing yet) ( 0 points) Survival: died (score multiplied by 3) Total score: 3084 Latest messages: The dog drops a pair of hard shoes. The giant bat bites! You die... The sack is empty. The sack is empty. Final status: Aloha FIQ the Tourist, killed by a giant bat... You died in The Gnomish Mines on dungeon level 5 with 3084 points, and 1077 pieces of gold, after 1375 moves. You were level 1 with a maximum of 14 hit points when you died.